 Dungeon Crawl Stone Soup version 0.29.1-1-gd02db6906a (webtiles) character file.

Game seed: 10975000295399783452

578 jamesp the Insei (level 7, -1/47 HPs)
             Began as an Octopode Transmuter on Oct 5, 2022.
             Slain by an orc
             ... wielding a +4 dagger of venom
              (6 damage)
             ... on level 5 of the Dungeon.
             The game lasted 00:12:09 (5376 turns).

jamesp the Insei (Octopode Transmuter)              Turns: 5376, Time: 00:12:11

Health: -1/47      AC:  1    Str:  9    XL:     7   Next: 36%
Magic:  12/12      EV: 13    Int: 24    God:
Gold:   53         SH:  0    Dex: 12    Spells: 9/13 levels left

rFire   . . .      SeeInvis .     - Unarmed
rCold   . . .      Faith    .   (no shield)
rNeg    . . .      Spirit   .   (helmet currently unavailable)
rPois   .          Reflect  .   (no amulet)
rElec   .          Harm     .   t - +6 ring of intelligence
rCorr   .          Rampage  .   u - ring of willpower
Will    +....                   (no ring)
Stlth   ++........              (no ring)
HPRegen 0.15/turn               (no ring)
MPRegen 0.13/turn               (no ring)
                                (no ring)
                                (no ring)

@: appendages
A: tentacle spike 3, almost no armour, amphibious, 8 rings, camouflage 1,
gelatinous body 1, (nimble swimmer 1), tentacles
a: End Transformation


You were on level 5 of the Dungeon.
One of your tentacles had grown a beastly spike.
You visited 1 branch of the dungeon, and saw 5 of its levels.

You collected 209 gold pieces.
You spent 156 gold pieces at shops.

Inventory:

Missiles
 a - a throwing net
 b - 47 stones
 f - 8 poisoned darts
 k - 5 javelins
 m - 2 boomerangs
Jewellery
 t - a +6 ring of intelligence (left tentacle)
 u - a ring of willpower (right tentacle)
Scrolls
 d - 2 scrolls of teleportation
 e - a scroll of noise {unknown}
 g - a scroll of silence {unknown}
 h - a scroll of brand weapon {unknown}
 n - a scroll of summoning {unknown}
 o - 2 scrolls of blinking {unknown}
 p - a scroll of magic mapping {unknown}
 s - a scroll of butterflies {unknown}
 v - 2 scrolls of identify
Potions
 c - a potion of resistance
 i - a potion of might
 j - a potion of curing
 l - a potion of haste {unknown}
 q - a potion of degeneration


   Skills:
 + Level 3.7 Fighting
 - Level 2.0 Dodging
 + Level 4.9 Unarmed Combat
 + Level 3.9 Spellcasting
 + Level 4.2 Transmutations


You had 9 spell levels left.
You knew the following spells:

 Your Spells              Type           Power      Damage    Failure   Level
a - Beastly Appendage     Tmut           50%        N/A       1%          1
b - Spider Form           Tmut/Pois      14%        N/A       12%         3

Your spell library contained the following spells:

 Spells                   Type           Power      Damage    Failure   Level
 Wereblood                Tmut           25%        N/A       2%          2
 Call Canine Familiar     Summ           4%         N/A       30%         3
 Portal Projectile        Hex/Tloc       8%         N/A       30%         3
 Ice Form                 Ice/Tmut       14%        N/A       38%         4
 Leda's Liquefaction      Hex/Erth       2%         N/A       69%         4


Dungeon Overview and Level Annotations

Branches:
Dungeon (5/15)
 Temple: D:4-7

Altars:
The Shining One

Shops:
D:4 !


Innate Abilities, Weirdness & Mutations

One of your tentacles has grown a beastly spike.
You cannot wear most types of armour.
You are amphibious.
You can wear up to eight rings at the same time.
Your skin changes colour to match your surroundings (Stealth+).
Your rubbery body absorbs attacks. (AC +1, EV +1)
((You are camouflaged when in or above water. (Stealth+)))
You have tentacles for arms and can constrict up to eight enemies at once.


Message History

The orc closely misses you.
You tentacle-slap the orc priest but do no damage.
The orc priest is moderately wounded.
You constrict the orc priest.
You feel sick.
The orc priest miscasts a cantrip.
The orc closely misses you.
You tentacle-slap the orc priest but do no damage.
You pierce the orc priest, but do no damage.
The orc priest is moderately wounded.
You constrict the orc priest.
You feel sick. The orc priest barely misses you. The orc closely misses you.
You tentacle-slap the orc priest but do no damage.
Your squeeze misses the orc priest.
The orc priest is heavily wounded.
You constrict the orc priest.
You feel sick.
The orc priest struggles to escape constriction.
You tentacle-slap the orc priest but do no damage.
You pierce the orc priest.
You kill the orc priest!
You feel sick.
The orc hits you with a +4 dagger of venom!
* * * LOW HITPOINT WARNING * * *
You are lethally poisoned!
You feel better.
The orc hits you with a +4 dagger of venom.
The orc priest hits you with a +0 hand axe.
You barely miss the orc. You grab the orc. You squeeze the orc.
The orc is moderately wounded.
You constrict the orc, but do no damage.
The orc completely misses you.
The orc priest hits you with a +0 hand axe.
* * * LOW HITPOINT WARNING * * *
You barely miss the orc.
You pierce the orc, but do no damage.
You squeeze the orc, but do no damage.
The orc is moderately wounded.
You constrict the orc.
The orc priest hits you with a +0 hand axe!
* * * LOW HITPOINT WARNING * * *
The orc hits you with a +4 dagger of venom.
You die...

#... #:..÷)......#
.....#....÷......#####
.....#..........#.....
......#.....)......#
.####.........[#..##
##........#..##
##..######..# ##oo##
#[.# ##@)####))##
##........###
#....##....#
#....#######
###########...##
##.............#
##...##........##
##..#########..##
#...# ####


You could see an orc priest and an orc.

Vanquished Creatures
  A scorpion (D:4)
  A necrophage (D:4)
  2 orc priests (D:5)
  A jelly (D:4)
  2 hounds (D:5)
  A gnoll bouda (D:5)
  10 gnolls
  9 adders
  3 dart slugs
  2 worms (D:2)
  7 orcs
  5 ball pythons
  11 endoplasms
  5 giant cockroaches
  8 goblins
  6 hobgoblins
  5 jackals
  7 quokkas
  4 bats
  2 frilled lizards (D:2)
  5 kobolds
  5 rats
102 creatures vanquished.

Notes
Turn   | Place    | Note
-------+----------+-------------------------------------------
     0 | D:1      | jamesp the Octopode Transmuter began the quest for the Orb.
     0 | D:1      | Reached XP level 1. HP: 13/13 MP: 3/3
   187 | D:1      | Reached XP level 2. HP: 13/18 MP: 5/5
  1064 | D:2      | Reached XP level 3. HP: 16/23 MP: 4/6
  1347 | D:2      | Found a glowing golden altar of the Shining One.
  1881 | D:3      | Reached XP level 4. HP: 29/29 MP: 5/7
  2707 | D:4      | Found Zifi's Distillery.
  2715 | D:4      | Bought 2 potions of curing for 78 gold pieces
  2715 | D:4      | Bought a potion of degeneration for 13 gold pieces
  2715 | D:4      | Bought a potion of heal wounds for 65 gold pieces
  3164 | D:4      | Reached XP level 5. HP: 30/35 MP: 9/9
  3866 | D:4      | Reached XP level 6. HP: 21/41 MP: 10/10
  4375 | D:5      | Entered Level 5 of the Dungeon
  4990 | D:4      | Learned a level 3 spell: Spider Form
  5076 | D:5      | Reached XP level 7. HP: 30/46 MP: 12/12
  5376 | D:5      | Slain by an orc

Illustrated notes

Levels and vault maps discovered:
D:1:      onia_arrival_pyramid, layout_rooms, chequers_arboretum
D:2:      layout_loops_ring, basic_altar, minmay_misc_feat_columns
D:3:      minmay_evil_eye, layout_rooms
D:4:      layout_rooms, serial_shops, nicolae_square_shop, minmay_mini_jars
D:5:      nicolae_BIG_FREAKIN_CUBE, layout_layer_cave, minmay_crystal_water

Skill      XL: |  1  2  3  4  5  6 |
---------------+-------------------+-----
Fighting       | 2 3 |  3.7
Transmutations | 3 4 |  4.2
Unarmed Combat | 4 |  4.9
Spellcasting   | 3 |  3.9
Dodging        | |  2.0

Action                   |  1- 3 |  4- 6 |  7- 9 || total
-------------------------+-------+-------+-------++-------
Melee: Unarmed           |    83 |   148 |    20 ||   251
       Constrict         |    25 |    40 |     7 ||    72
       Kick              |    21 |    48 |     8 ||    77
       Tentacles         |    16 |    29 |     5 ||    50
       Punch             |     3 |     6 |     1 ||    10
 Cast: Beastly Appendage |    22 |    34 |     1 ||    57
  Use: Scroll            |       |     3 |       ||     3
       Potion            |       |     3 |     1 ||     4
 Stab: Sleeping          |    10 |     5 |       ||    15
Armor: Skin              |     4 |    17 |     1 ||    22
Dodge: Dodged            |    37 |    95 |    15 ||   147
